 Dungeon Crawl Stone Soup version 0.19.1 (webtiles) character file.

15961 RedPan the Impaler (level 12, -8/97 HPs)
             Began as a Naga Fighter on Dec 26, 2016.
             Was a High Priest of Cheibriados.
             Mangled by a hill giant
             ... wielding a +0 giant spiked club
              (25 damage)
             ... on level 11 of the Dungeon.
             The game lasted 00:36:17 (12840 turns).

RedPan the Impaler (Naga Fighter)                  Turns: 12840, Time: 00:36:18

Health: -8/97      AC: 13    Str: 34    XL:     12   Next: 32%
Magic:  26/26      EV: 14    Int: 27    God:    Cheibriados [*****.]
Gold:   618        SH:  0    Dex: 24    Spells: 0 memorised, 11 levels left

rFire  . . .     SeeInvis +     C - +0 halberd
rCold  + . .     Gourm    .     b - +2 scale mail
rNeg   . . .     Faith    .     (shield currently unavailable)
rPois  +         Spirit   .     y - +0 helmet
rElec  .         Reflect  .     r - +0 cloak
rCorr  .         Harm     .     (no gloves)
MR     +....                    (no barding)
Stlth  +.........               N - amulet of magic regeneration
                                v - ring of magical power
                                I - ring of protection from cold

@: very slightly contaminated, very slow
A: see invisible, deformed body, poison resistance, slowness 2, slow metabolism
1, spit poison 1, AC +4
a: Spit Poison, Bend Time, Temporal Distortion, Slouch, Step From Time, Renounce
Religion


You were on level 11 of the Dungeon.
You worshipped Cheibriados.
Cheibriados was extremely pleased with you.
You were not hungry.

You visited 2 branches of the dungeon, and saw 12 of its levels.
You also visited: Sewer.

You collected 688 gold pieces.
You spent 70 gold pieces at shops.

Inventory:

Hand Weapons
 a - a +1 trident
 C - a +0 halberd (weapon)
Armour
 b - a +2 scale mail (worn)
 c - a +0 shield
 r - a +0 cloak (worn)
 y - a +0 helmet (worn)
Jewellery
 o - an uncursed ring of fire
 v - a ring of magical power (right hand)
 I - a ring of protection from cold (left hand)
 N - an amulet of magic regeneration (around neck)
Wands
 d - a wand of iceblast (4/15)
 l - a wand of slowing (20/48)
 D - a wand of teleportation (3/9)
 G - a wand of hasting (5/9)
Scrolls
 e - 4 scrolls of identify
 n - a scroll of recharging {unknown}
 s - 2 scrolls of teleportation
 t - 2 scrolls of enchant weapon
 w - 3 scrolls of remove curse
 z - a scroll of fog
 B - a scroll of amnesia {unknown}
Potions
 g - 4 potions of flight
 k - 3 potions of lignification
 p - a potion of mutation {unknown}
 q - a potion of ambrosia {unknown}
 u - 2 potions of cure mutation
 x - 2 potions of agility {unknown}
 A - a potion of berserk rage {unknown}
 E - 3 potions of curing
 F - a potion of resistance {unknown}
Books
 H - a book of Frost

   Spells                             Type                      Level
   a - Freeze                         Ice                          1
   b - Throw Frost                    Conjuration/Ice              2
   c - Ozocubu's Armour               Charms/Ice                   3
   d - Throw Icicle                   Conjuration/Ice              4
   e - Summon Ice Beast               Ice/Summoning                4
 J - a book of Clouds

   Spells                             Type                      Level
   a - Mephitic Cloud                 Conjuration/Poison/Air       3
   b - Conjure Flame                  Conjuration/Fire             3
   c - Poisonous Cloud                Conjuration/Poison/Air       6
   d - Freezing Cloud                 Conjuration/Ice/Air          6
   e - Ring of Flames                 Charms/Fire                  7
 L - a book of Conjurations

   Spells                             Type                      Level
   a - Magic Dart                     Conjuration                  1
   b - Searing Ray                    Conjuration                  2
   c - Dazzling Spray                 Conjuration/Hexes            3
   d - Fulminant Prism                Conjuration/Hexes            4
   e - Iskenderun's Mystic Blast      Conjuration                  4
   f - Iskenderun's Battlesphere      Conjuration/Charms           5
Miscellaneous
 K - a lamp of fire
Comestibles
 f - 8 bread rations
 i - 5 meat rations
 j - 4 slices of pizza
 M - 3 fruits


   Skills:
 - Level 3.0 Fighting
 + Level 15.5 Polearms
 + Level 6.7 Armour
 - Level 7.3 Dodging
 - Level 2.4 Shields
 - Level 7.1 Invocations


You had 11 spell levels left.
You didn't know any spells.

Dungeon Overview and Level Annotations

Branches:
Dungeon (11/15)            Temple (1/1) D:7            Lair (0/6) D:9
    Orc (0/2) D:10

Altars:
Ashenzari
Cheibriados
Dithmenos
Elyvilon
Fedhas
Gozag
Hepliaklqana
Kikubaaqudgha
Makhleb
Nemelex Xobeh
Okawaru
Qazlal
Ru
Sif Muna
Trog
Uskayaw
Vehumet
Xom
Yredelemnul
Zin
The Shining One

Shops:
D:5 %   D:7 ?

Annotations:
D:8 Erica


Innate Abilities, Weirdness & Mutations

You cannot wear boots.
Your serpentine skin is tough. (AC +4)
You have supernaturally acute eyesight. (SInv)
Armour fits poorly on your strangely shaped body.
Your system is resistant to poisons. (rPois)
You cover ground very slowly.
You have a slow metabolism.
You can spit poison.


Message History

As you read the scroll of teleportation, it crumbles to dust.
You feel strangely unstable.
Your surroundings suddenly seem different.
A water moccasin comes into view.
The water moccasin hisses angrily.
Found a beef jerky, a short sword and a scroll labeled MUAFITIDITZ.
Found an escape hatch in the ceiling and an escape hatch in the floor.
A centaur and a hill giant come into view.
The hill giant barely misses you.
The hill giant hits you with a giant spiked club.
* * * LOW HITPOINT WARNING * * *
The water moccasin completely misses you.
The water moccasin bites you but does no damage.
The hill giant hits you with a giant spiked club!!
* * * LOW HITPOINT WARNING * * *
There is an escape hatch in the ceiling, spattered with blood here.
You feel much better. The water moccasin bites you!
* * * LOW HITPOINT WARNING * * *
The hill giant hits you with a giant spiked club!!
You die...

...........#...##.
...........#...#.#
...........#....#
.......?..>.....#
.......%........#
................#
........S....#
.......@C....#
..#########..# ..#
..# S.# #.# .. .c


You could see a hill giant and a water moccasin.

Vanquished Creatures
  2 hill giants (D:10)
  Pikel (D:8)
  Maurice (D:8)
  The ghost of M4edhros the Covert, a novice OpAr (D:6)
  3 two-headed ogres
  A troll (D:7)
  A hippogriff (D:10)
  A shadow (D:11)
  The ghost of Dolanko the Sneak, an amateur SpAs (D:4)
  7 yaks (D:10)
  Grum (D:8)
  A soldier ant (D:10)
  2 hell hounds (D:8)
  A water moccasin (D:10)
  A sky beast (D:5)
  3 orc warriors
  5 ice beasts
  2 necrophages
  A slave (D:7)
  8 phantoms
  6 ogres
  2 centaurs
  2 wolves (D:8)
  A crocodile (D:10)
  3 big kobolds
  A bullfrog (D:7)
  5 scorpions
  3 troll zombies (D:10)
  8 killer bees
  4 wights (D:10)
  4 howler monkeys
  A bullfrog zombie (D:8)
  4 crimson imps
  A quasit (D:10)
  7 orc priests
  6 hounds
  A gnoll shaman (D:9)
  5 jellies
  2 bullfrog skeletons
  A centaur skeleton (D:6)
  Natasha (thrice) (D:3)
  12 orc wizards
  An iguana (D:4)
  5 worker ants
  5 ogre zombies (D:10)
  2 hound zombies
  3 worker ant zombies (D:5)
  3 howler monkey zombies
  5 gnolls
  2 howler monkey skeletons
  12 adders
  A shadow imp (D:9)
  2 oozes
  An adder zombie (D:9)
  An adder skeleton (D:8)
  3 worms (D:3)
  6 leopard geckos
  55 orcs
  3 ball pythons
  8 bats
  11 giant cockroaches
  11 goblins
  3 hobgoblins
  6 jackals
  19 kobolds
  6 quokkas
  11 frilled lizards
  5 goblin zombies (D:10)
  A hobgoblin skeleton (D:10)
  5 hobgoblin zombies (D:10)
  A jackal zombie (D:5)
  A leopard gecko zombie (D:5)
  4 orc skeletons (D:10)
  9 orc zombies (D:10)
  A quokka skeleton (D:5)
  7 rats
345 creatures vanquished.

Vanquished Creatures (others)
  3 slaves (D:8)
  A jelly (D:8)
  A bullfrog skeleton (D:8)
5 creatures vanquished.

Grand Total: 350 creatures vanquished

Notes
Turn   | Place    | Note
-------+----------+-------------------------------------------
     0 | D:1      | RedPan the Naga Fighter began the quest for the Orb.
     0 | D:1      | Reached XP level 1. HP: 21/21 MP: 1/1
   138 | D:1      | Reached XP level 2. HP: 25/28 MP: 2/2
   239 | D:1      | Reached skill level 3 in Polearms
   502 | D:2      | Reached XP level 3. HP: 34/34 MP: 3/3
   706 | D:2      | Reached skill level 4 in Polearms
   869 | D:2      | Reached XP level 4. HP: 32/42 MP: 4/4
  1630 | D:3      | Noticed Natasha
  1635 | D:3      | Killed Natasha
  1635 | D:3      | Reached skill level 5 in Polearms
  1635 | D:3      | Reached XP level 5. HP: 32/49 MP: 5/5
  2053 | D:3      | Noticed Natasha
  2063 | D:3      | Killed Natasha
  2339 | D:3      | Reached skill level 6 in Polearms
  2577 | D:3      | Reached XP level 6. HP: 52/56 MP: 6/6
  2674 | D:3      | Noticed Natasha
  2687 | D:3      | Killed Natasha
  3013 | D:4      | Noticed Dolanko's ghost (amateur SpAs)
  3313 | D:4      | Noticed a phantom
  3355 | D:4      | Killed a phantom
  3355 | D:4      | Reached skill level 7 in Polearms
  3458 | D:4      | Reached XP level 7. HP: 49/62 MP: 7/7
  3855 | D:4      | Killed Dolanko's ghost
  3855 | D:4      | Reached skill level 8 in Polearms
  4166 | D:5      | Entered Level 5 of the Dungeon
  4234 | D:5      | Reached skill level 9 in Polearms
  4234 | D:5      | Reached XP level 8. HP: 37/69 MP: 8/8
  5109 | D:5      | Reached skill level 10 in Polearms
  5259 | D:5      | Found Poummysk's Food Emporium.
  5642 | D:6      | Found a glowing drain.
  5651 | Sewer    | Entered a sewer
  5871 | Sewer    | Found a glowing silver altar of Zin.
  5961 | D:6      | Reached skill level 11 in Polearms
  6181 | D:6      | Reached XP level 9. HP: 66/75 MP: 9/9
  6624 | D:5      | Reached skill level 15 in Polearms
  6624 | D:5      | Reached XP level 10. HP: 84/84 MP: 10/10
  6625 | D:5      | Reached XP level 11. HP: 90/90 MP: 11/11
  7129 | D:6      | Noticed M4edhros's ghost (novice OpAr)
  7148 | D:6      | Killed M4edhros's ghost
  8136 | D:7      | Found a staircase to the Ecumenical Temple.
  8139 | Temple   | Entered the Ecumenical Temple
  8313 | Temple   | Became a worshipper of Cheibriados the Contemplative
  8352 | D:7      | Found Fyitam's Magic Scroll Emporium.
  8359 | D:7      | Bought a scroll of identify for 28 gold pieces
  8359 | D:7      | Bought a scroll of teleportation for 42 gold pieces
  8703 | D:8      | Reached skill level 1 in Invocations
  8761 | D:8      | Reached * piety under Cheibriados
  8868 | D:8      | Noticed Maurice
  8872 | D:8      | Noticed Pikel
  9065 | D:8      | Noticed Erica
  9538 | D:8      | Killed Pikel
  9592 | D:8      | Killed Maurice
  9607 | D:8      | Noticed Grum
  9619 | D:8      | Killed Grum
 10125 | D:8      | Reached skill level 5 in Armour
 10399 | D:8      | Reached ** piety under Cheibriados
 11210 | D:9      | Found a staircase to the Lair.
 11258 | D:9      | Reached *** piety under Cheibriados
 11335 | D:9      | Reached **** piety under Cheibriados
 11626 | D:10     | Entered Level 10 of the Dungeon
 11714 | D:10     | Reached skill level 5 in Invocations
 11896 | D:10     | Reached ***** piety under Cheibriados
 11933 | D:10     | Found a staircase to the Orcish Mines.
 12119 | D:10     | Reached XP level 12. HP: 97/97 MP: 16/16
 12826 | D:11     | Noticed an eight-headed hydra
 12838 | D:11     | HP: 1/97 [hill giant/giant spiked club (26)]
 12840 | D:11     | Mangled by a hill giant

Skill      XL: |  1  2  3  4  5  6  7  8  9 10 11 12 |
---------------+-------------------------------------+-----
Polearms       | 3 4 5 6 7 9 11 15 | 15.5
Dodging        | 7 |  7.3
Armour         | 5 6 |  6.7
Invocations    | 5 7 |  7.1
Fighting       | |  3.0
Shields        | |  2.4

Action                   |  1- 3 |  4- 6 |  7- 9 | 10-12 || total
-------------------------+-------+-------+-------+-------++-------
Melee: Trident           |   111 |   229 |   370 |   424 ||  1134
       Halberd           |       |       |       |   450 ||   450
  Use: Scroll            |       |     6 |     3 |     7 ||    16
       Potion            |       |     2 |     3 |     7 ||    12
  Eat: Chunk             |       |     6 |     9 |     9 ||    24
       Beef jerky        |       |       |       |     3 ||     3
Armor: Scale mail        |    51 |    67 |   166 |   253 ||   537
Dodge: Dodged            |    38 |    57 |    90 |   379 ||   564
